 Dungeon Crawl Stone Soup version 0.18-a0-731-ga019a5f (webtiles) character file.

12 Duffy the Chiller (level 2, 15/15 HPs)
             Began as a Deep Elf Ice Elementalist on Dec 9, 2015.
             Quit the game on level 1 of the Dungeon.
             The game lasted 00:00:39 (585 turns).

Duffy the Chiller (Deep Elf Ice Elementalist)        Turns: 585, Time: 00:00:39

Health: 15/15      AC: -1    Str:  5    XL:     2   Next: 20%
Magic:  3/8        EV: 13    Int: 19    God:
Gold:   3          SH:  0    Dex: 15    Spells: 1 memorised, 7 levels left

rFire  . . .     SeeInvis .     (no weapon)
rCold  . . .     Clarity  .     a - +0 robe
rNeg   . . .     SustAt   .     (no shield)
rPois  .         Gourm    .     (no helmet)
rElec  .         Spirit   .     (no cloak)
rCorr  .         Dismiss  .     (no gloves)
rMut   .         Stasis   .     (no boots)
MR     .....                    (no amulet)
Stlth  +++.......               j - -3 ring of protection (curse)
                                e - ring of stealth

@: very slightly contaminated, not resistant to hostile enchantments, fairly
stealthy
A: no striking features
a: no special abilities


You were on level 1 of the Dungeon.
You were not hungry.

You visited 1 branch of the dungeon, and saw 1 of its levels.

You collected 3 gold pieces.


   Skills:
 - Level 2.4 Dodging
 - Level 2.4 Stealth
 + Level 3.5 Spellcasting
   Level 1.1 Conjurations
 + Level 3.7 Ice Magic


You had 7 spell levels left.
You knew the following spells:

 Your Spells              Type           Power        Failure   Level  Hunger
a - Freeze                Ice            ###.         3%          1    None

Inventory:

Armour
 a - a +0 robe (worn)
Jewellery
 e - a ring of stealth (left hand)
 f - a +4 ring of strength
 j - a cursed -3 ring of protection (right hand)
Scrolls
 d - a scroll of remove curse {unknown}
 g - a scroll of amnesia {unknown}
Potions
 h - a potion of invisibility {unknown}
 i - a potion of haste {unknown}
Books
 b - a book of Frost
Comestibles
 c - a bread ration

Dungeon Overview and Level Annotations

Branches:
Dungeon (1/15)

Altars:


Message History

Nothing appears to happen.
The hobgoblin closely misses you.
Cast which spell? (? or * to list)
Aiming: Freeze
Press: ? - help, Shift-Dir - straight line, f/p - hobgoblin
Aim: a hobgoblin You freeze the hobgoblin.
The hobgoblin is lightly wounded.
The hobgoblin closely misses you.
Cast which spell? (? or * to list)
Aiming: Freeze
Press: ? - help, Shift-Dir - straight line, f/p - hobgoblin
Aim: a hobgoblin You freeze the hobgoblin.
The hobgoblin is heavily wounded.
The hobgoblin closely misses you.
Cast which spell? (? or * to list)
Aiming: Freeze
Press: ? - help, Shift-Dir - straight line, f/p - hobgoblin
Aim: a hobgoblin (heavily wounded)
You freeze the hobgoblin.
You kill the hobgoblin!
Cast which spell? (? or * to list)
You can't see any susceptible monsters within range! (Use Z to cast anyway.) Cast which spell? (? or * to list)
You can't see any susceptible monsters within range! (Use Z to cast anyway.)
j - a glowing granite ring Put on which piece of jewellery? (? for menu, Esc to quit)
You're wearing all the rings you can.
Remove which one? (? for menu, Esc to cancel) < or
e - a ring of stealth; > or
f - a +4 ring of strength You remove your +4 ring of strength.
You feel weaker.
Oops, that ring feels deathly cold.
j - a cursed -3 ring of protection (right hand) Are you sure you want to abandon this character and quit the game? (Confirm with "yes".)

########..# #
#...?..#.##+###########
#......#....##0000000~##
#.......#.###~0~00000~~#
#.......#.# #~0#00%0#0~#
.#####.......#.# #~000000~0~#
......%).....#.# #~00~~000~0#
..####!.....#.#
############## #......#@#
#....<....'..#
#.####....###.#
############.#
#...........#.#
#~00000~00~#.#
########......#
#00000~00~~#.# #.##.###
#~0#0000#~~#.. #.##.#
#00~000000~##. ######.##)#
##~00000~~###.
#..........#################.
...####......................


There were no monsters in sight!

Action                   || total
-------------------------++-------
Melee: Unarmed           ||     2
 Cast: Freeze            ||    15

Notes
Turn   | Place    | Note
--------------------------------------------------------------
     0 | D:1      | Duffy the Deep Elf Ice Elementalist began the quest for the Orb.
     0 | D:1      | Reached XP level 1. HP: 10/10 MP: 6/6
   481 | D:1      | Reached XP level 2. HP: 15/15 MP: 6/8
   585 | D:1      | Quit the game

Vault maps used:
D:1:      saegor_arrival_miasma, eino_curves_04

Vanquished Creatures
  An ooze
  A giant cockroach
  2 hobgoblins
  2 bats
  2 giant geckos
  A goblin
9 creatures vanquished.
